 Dungeon Sprint DCSS version 0.22.1-1-ga44c0e5 (webtiles) character file.

5075 Lauz the Fencer (level 10, 0/105 HPs)
             Began as a Minotaur Berserker on Nov 1, 2018.
             Was the Champion of Trog.
             Slain by a 12-headed hydra (1 damage)
             ... while paralysed by a floating eye
             ... in the Dungeon (Sprint I: "Red Sonja").
             The game lasted 00:07:51 (1305 turns).

Lauz the Fencer (Minotaur Berserker)                Turns: 1305, Time: 00:07:53

Health: 0/105      AC: 17    Str: 26    XL:     10   Next: 31%
Magic:  9/9        EV:  2    Int:  4    God:    Trog [******]
Gold:   558        SH:  0    Dex:  9    Spells: 9/9 levels left

rFire    + . .     SeeInvis .   e - +1 dire flail (drain)
rCold    . . .     Gourm    .   (shield currently unavailable)
rNeg     . . .     Faith    .   k - +4 chain mail {rF+}
rPois    .         Spirit   .   (helmet restricted)
rElec    .         Reflect  .   (no cloak)
rCorr    .         Harm     .   (no gloves)
MR       .....     NoTele   +   (no boots)
Stlth    ..........             (no amulet)
HPRegen  0.27/turn              (no ring)
MPRegen  0.11/turn              (no ring)

@: paralysed
A: retaliatory headbutt, horns 2
a: Berserk, Trog's Hand, Brothers in Arms, Renounce Religion


You were in the Dungeon.
You worshipped Trog.
Trog was exalted by your worship.
You were not hungry.

You visited 1 branch You collected 558 gold pieces.

Inventory:

Hand Weapons
 a - a +0 falchion
 e - a +1 dire flail of draining (weapon)
Armour
 b - a +0 animal skin
 k - a +4 chain mail of fire resistance (worn)
Wands
 j - a wand of random effects (29)
Scrolls
 d - a scroll of fog {unknown}
 i - a scroll of blinking
Potions
 f - a potion of haste
 g - 2 potions of magic
 h - a potion of berserk rage
Comestibles
 c - a ration


   Skills:
 + Level 15.0 Fighting
 + Level 16.9 Long Blades
 * Level 14.1 Armour
 * Level 10.2 Dodging


You had 9 spell levels left.
You didn't know any spells.
Your spell library was empty.

Dungeon Overview and Level Annotations

Branches:
Dungeon (1/1)

Altars:
Cheibriados
Dithmenos
Elyvilon
Fedhas
Gozag
Hepliaklqana
Kikubaaqudgha
Makhleb
Nemelex Xobeh
Okawaru
Qazlal
Ru
Sif Muna
Trog
Uskayaw
Vehumet
Wu Jian
Xom
Yredelemnul
Zin
The Shining One
Jiyva
Lugonu

Shops:
D [


Innate Abilities, Weirdness & Mutations

You reflexively headbutt those who attack you in melee.
You have a pair of horns on your head.


Message History

The 12-headed hydra bites you but does no damage. x3
The 12-headed hydra bites you.
* * * LOW HITPOINT WARNING * * *
The 12-headed hydra bites you but does no damage. x2
The 12-headed hydra bites you!
* * * LOW HITPOINT WARNING * * *
The 12-headed hydra bites you but does no damage. x2
The 12-headed hydra bites you.
* * * LOW HITPOINT WARNING * * *
The 12-headed hydra bites you.
* * * LOW HITPOINT WARNING * * *
The 12-headed hydra bites you but does no damage.
The 12-headed hydra bites you.
* * * LOW HITPOINT WARNING * * *
The 12-headed hydra bites you but does no damage.
The 12-headed hydra bites you!
* * * LOW HITPOINT WARNING * * *
The 12-headed hydra bites you but does no damage. x3
The 12-headed hydra bites you.
You die...

################################
'..#__#..'.).#..#§§§§§§§G.§.'.$#
#..'^.'..#)..##'#G####§§§§.##$.+
##'#__####...'..#D# ##§§§## ##
.#.####§§#####.§@.# ###+#
##.#§≈≈§c #+#### #§# #§.§§§§§
#.§###$# §)_#§≈≈§ ##§#A#$#
§#(##+## .###$# '#(# ##..$# .###
+### .$ .$#


You could see a 12-headed hydra and a floating eye.

Vanquished Creatures
  Sonja (D)
  A lindwurm (D)
  2 kobold demonologists (D)
  4 demonic crawlers (D)
  A slime creature (D)
  Sigmund (D)
  A yak (D)
  13 hogs (D)
  A floating eye (D)
  An ogre (D)
  A jelly (D)
  Ijyb (D)
28 creatures vanquished.

Vanquished Creatures (others)
  A gargoyle (D)
1 creature vanquished.

Grand Total: 29 creatures vanquished

Notes
Turn   | Place    | Note
-------+----------+-------------------------------------------
     0 | D        | Lauz the Minotaur Berserker began the quest for the Orb.
     0 | D        | Reached XP level 1. HP: 19/19 MP: 0/0
     1 | D        | Noticed Ijyb
     6 | D        | Killed Ijyb
     6 | D        | Reached skill level 5 in Fighting
     6 | D        | Reached skill level 5 in Long Blades
     6 | D        | Reached XP level 2. HP: 29/29 MP: 1/1
    54 | D        | Noticed an ogre
    60 | D        | Killed an ogre
    60 | D        | Reached skill level 8 in Long Blades
    60 | D        | Reached XP level 3. HP: 39/39 MP: 2/2
    60 | D        | Reached XP level 4. HP: 47/47 MP: 3/3
    67 | D        | Noticed Sigmund
    94 | D        | Killed Sigmund
    94 | D        | Reached ** piety under Trog
    94 | D        | Reached skill level 11 in Long Blades
    94 | D        | Reached XP level 5. HP: 48/57 MP: 4/4
    94 | D        | Reached XP level 6. HP: 53/63 MP: 5/5
   166 | D        | Found a burning altar of Makhleb.
   166 | D        | Found a viscous altar of Jiyva.
   166 | D        | Found a shimmering altar of Xom.
   166 | D        | Found a corrupted altar of Lugonu.
   166 | D        | Noticed a slime creature
   173 | D        | Killed a slime creature
   173 | D        | Reached skill level 10 in Fighting
   173 | D        | Reached skill level 12 in Long Blades
   173 | D        | Reached skill level 5 in Armour
   175 | D        | Found an ornate altar of the Wu Jian Council.
   175 | D        | Found a deep blue altar of Sif Muna.
   177 | D        | Found a radiant altar of Vehumet.
   180 | D        | Reached skill level 13 in Long Blades
   180 | D        | Reached skill level 5 in Dodging
   207 | D        | Found Rofoth's Armour Emporium.
   207 | D        | Found an ancient bone altar of Kikubaaqudgha.
   207 | D        | Found a hazy altar of Hepliaklqana.
   207 | D        | Found a stormy altar of Qazlal.
   207 | D        | Found a hide-covered altar of Uskayaw.
   207 | D        | Found a blossoming altar of Fedhas.
   207 | D        | Found a bloodstained altar of Trog.
   207 | D        | Found an iron altar of Okawaru.
   207 | D        | Found a basalt altar of Yredelemnul.
   207 | D        | Found a glowing golden altar of the Shining One.
   207 | D        | Found a snail-covered altar of Cheibriados.
   207 | D        | Found a sacrificial altar of Ru.
   207 | D        | Found a glowing silver altar of Zin.
   207 | D        | Found a shadowy altar of Dithmenos.
   207 | D        | Found a white marble altar of Elyvilon.
   207 | D        | Noticed a yak
   210 | D        | Killed a yak
   210 | D        | Reached *** piety under Trog
   210 | D        | Reached XP level 7. HP: 56/73 MP: 6/6
   211 | D        | Found an opulent altar of Gozag.
   212 | D        | Found a sparkling altar of Nemelex Xobeh.
   222 | D        | Noticed Sonja
   236 | D        | Killed Sonja
   236 | D        | Reached skill level 14 in Long Blades
   236 | D        | Reached XP level 8. HP: 39/83 MP: 7/7
   452 | D        | Noticed a centaur warrior
   470 | D        | Noticed a kobold demonologist
   471 | D        | Noticed a kobold demonologist
   471 | D        | Paralysed by a floating eye for 2 turns
   476 | D        | Paralysed by a floating eye for 2 turns
   478 | D        | Noticed a soul eater
   480 | D        | Killed a kobold demonologist
   480 | D        | Reached **** piety under Trog
   481 | D        | Reached skill level 15 in Long Blades
   489 | D        | Killed a kobold demonologist
   539 | D        | Noticed a demonic crawler
   539 | D        | Noticed a demonic crawler
   539 | D        | Noticed a demonic crawler
   539 | D        | Noticed a demonic crawler
   548 | D        | Killed a demonic crawler
   548 | D        | Reached skill level 10 in Armour
   548 | D        | Reached XP level 9. HP: 93/93 MP: 8/8
   556 | D        | Killed a demonic crawler
   562 | D        | Killed a demonic crawler
   562 | D        | Reached ***** piety under Trog
   568 | D        | Killed a demonic crawler
   568 | D        | Reached skill level 16 in Long Blades
   855 | D        | Noticed a lindwurm
   868 | D        | Killed a lindwurm
   887 | D        | Received a gift from Trog
   915 | D        | Reached XP level 10. HP: 61/104 MP: 9/9
   924 | D        | Received a gift from Trog
   928 | D        | Reached skill level 10 in Dodging
   957 | D        | Reached skill level 15 in Fighting
   965 | D        | Reached ****** piety under Trog
  1177 | D        | Killed a gargoyle
  1281 | D        | Noticed a daeva
  1287 | D        | Noticed a 12-headed hydra
  1302 | D        | Paralysed by a floating eye for 4 turns
  1305 | D        | HP: 1/105 [12-headed hydra (11)]
  1305 | D        | Slain by a 12-headed hydra

Skill      XL: |  1  2  3  4  5  6  7  8  9 10 |
---------------+-------------------------------+-----
Fighting       | 5 7 9 10 11 13 14 15 | 15.0
Long Blades    | 5 8 11 13 14 15 16 | 16.9
Armour         | 3 4 6 8 10 12 14 | 14.1
Dodging        | 3 4 5 7 8 9 10 | 10.2

Action                   |  1- 3 |  4- 6 |  7- 9 | 10-12 || total
-------------------------+-------+-------+-------+-------++-------
Melee: Falchion          |     8 |    28 |    87 |    38 ||   161
       Headbutt          |     3 |     6 |    23 |     9 ||    41
       Dire flail        |       |       |       |     1 ||     1
Invok: Berserk           |     1 |       |     3 |       ||     4
  Use: Potion            |       |       |     2 |       ||     2
  Eat: Ration            |       |       |     2 |       ||     2
Armor: Animal skin       |     1 |       |       |       ||     1
       Chain mail        |     1 |     7 |    55 |    52 ||   115
Dodge: Dodged            |     4 |     7 |    49 |    13 ||    73
       Rpst.: Falchion   |     1 |     1 |     9 |     1 ||    12
